 Dungeon Crawl Stone Soup version 0.23.2-1-ga50397a6bc (webtiles) character file.

Game seed: 8027087451375142925

3766 Kobolds4U the Covert (level 9, -2/50 HPs)
             Began as a Deep Elf Conjurer on Apr 25, 2019.
             Was a Priest of Vehumet.
             Slain by a hornet (3 damage)
             ... while paralysed by a hornet
             ... on level 7 of the Dungeon.
             The game lasted 00:31:49 (9264 turns).

Kobolds4U the Covert (Deep Elf Conjurer)            Turns: 9264, Time: 00:31:49

Health: -2/50      AC:  3    Str: 10    XL:     9   Next: 94%
Magic:  18/20      EV:  2    Int: 23    God:    Vehumet [***...]
Gold:   367        SH:  0    Dex: 15    Spells: 1/20 levels left

rFire    . . .     SeeInvis .   t - +3 dagger (venom)
rCold    . . .     Gourm    .   (no shield)
rNeg     . . .     Faith    .   a - +0 robe
rPois    .         Spirit   .   (no helmet)
rElec    .         Reflect  .   n - +0 cloak
rCorr    .         Harm     .   (no gloves)
MR       .....                  (no boots)
Stlth    ++++......             G - amulet of rage
HPRegen  0.16/turn              w - +4 ring of strength
MPRegen  0.17/turn              C - ring of wizardry

@: paralysed, lethally poisoned (-2 -> -20), slowed
A: no striking features
a: Renounce Religion, Evoke Berserk Rage


You were on level 7 of the Dungeon.
You worshipped Vehumet.
Vehumet was most pleased with you.
You were not hungry.

You visited 1 branch of the dungeon, and saw 7 of its levels.
You also visited: Ossuary.

You collected 367 gold pieces.

Inventory:

Hand Weapons
 e - a +0 dagger
 m - a +2 dagger of electrocution
 t - a +3 dagger of venom (weapon)
 v - a +0 long sword
 E - a +0 falchion
Missiles
 D - 2 tomahawks (quivered)
Armour
 a - a +0 robe (worn)
 n - a +0 cloak (worn)
 H - the +7 ring mail "Vidismus" {rC- Int+5, unknown}
   (You found it on level 6 of the Dungeon)

   It affects your intelligence (+5).
   It makes you vulnerable to cold.
Magical Staves
 u - an uncursed staff of poison
 x - an uncursed staff of earth
Jewellery
 w - a +4 ring of strength (left hand)
 C - a ring of wizardry (right hand)
 G - an amulet of rage (around neck)
Wands
 i - a wand of iceblast (7)
Scrolls
 d - 5 scrolls of teleportation
 j - 2 scrolls of remove curse {unknown}
 k - 3 scrolls of fog {unknown}
 l - 2 scrolls of random uselessness {unknown}
 s - 2 scrolls of amnesia {unknown}
 y - a scroll of enchant armour {unknown}
 F - a scroll of summoning {unknown}
 K - 2 scrolls of acquirement {unknown}
 L - a scroll of enchant weapon
Potions
 b - 5 potions of curing
 f - a potion of ambrosia {unknown}
 g - 2 potions of agility
 h - 2 potions of might
 o - 2 potions of lignification
 p - 4 potions of invisibility
 q - 2 potions of magic {unknown}
 r - 4 potions of heal wounds
 z - a potion of cancellation {unknown}
 A - 2 potions of brilliance
 B - a potion of mutation {unknown}
 J - a potion of flight {unknown}
Comestibles
 c - 12 rations


   Skills:
 - Level 3.0 Fighting
 - Level 2.0 Short Blades
 + Level 9.3 Dodging
 + Level 10.0 Stealth
 + Level 6.2 Spellcasting
 - Level 7.0 Conjurations
 - Level 3.0 Hexes
 - Level 4.4 Translocations
 - Level 1.0 Ice Magic
 - Level 1.0 Poison Magic


You had one spell level left.
You knew the following spells:

 Your Spells              Type           Power        Failure   Level  Hunger
a - Magic Dart            Conj           ####         1%          1    None
b - Searing Ray           Conj           #####.       1%          2    None
c - Dazzling Spray        Conj/Hex       ####..       1%          3    #......
d - Force Lance           Conj/Tloc      ####....     1%          4    ###....
e - Freeze                Ice            ##..         1%          1    None
f - Sting                 Conj/Pois      ####         1%          1    None
g - Iskenderun's Mystic   Conj           #####...     1%          4    ###....
h - Static Discharge      Conj/Air       ###.....     1%          3    #......

Your spell library contained the following spells:

 Spells                   Type           Power        Failure   Level  Hunger
 Throw Icicle             Conj/Ice       ####....     1%          4    ###....
 Fulminant Prism          Conj/Hex       ####......   1%          4    ###....


Dungeon Overview and Level Annotations

Branches:
Dungeon (7/15)             Temple (0/1) D:7

Altars:
Cheibriados
Hepliaklqana
Kikubaaqudgha
Makhleb
Vehumet

Shops:
D:7 ?

Annotations:
D:4 2 transporters, gothhamster's ghost, amateur VSMo


Message History

Press: ? - help, Shift-Dir - straight line, f/p - hornet
Aim: a hornet (lightly wounded, poisoned)
The searing ray hits the hornet.
The hornet is moderately wounded. (Press . to maintain the ray.)
You feel yourself speed up.
You feel sick.
The hornet looks more healthy.
The hornet barely misses you. The hornet closely misses you.
An orc comes into view.
It is wielding a +1 dagger of electrocution.
The hornet stings you!
You suddenly lose the ability to move!
A crimson imp comes into view.
You feel sick. The orc hits you with a +0 hand axe.
* * * LOW HITPOINT WARNING * * *
The hornet stings you!
* * * LOW HITPOINT WARNING * * *
You are more poisoned.
You feel yourself slow down.
* * * LOW HITPOINT WARNING * * *
You feel sick. The hornet stings you.
You die...

.#,,,,,,,*,,,,,,,,,,,,,* *,,,*
.#,,,,,,,*,,.......,,,,* *,,,*
.#,,,...,*,,,.....,,,,,* *,,,*
.#,,,....*,,,,...,,,,,,* *,,,*
.#,,,....######'#########***'***
.####....................,,,,,,*
....#........>...........,,,,,,*
..<.+......)....o∩.......**'**,*
....#...........@yo..o.5.*,,,*,*
....##+##(...#########...*,,,*,*
........#....'....#,,*,,,*,,,*,*
....##..#....#....+,,*,,,*******
....##..###'##...##***,,,,,*
............##...#,,,,,*****
.................#,,,,,* ******
........##'###...#,,,,,* *,,,,*
....##..##..#*#+##,,,,,****,,,,*


You could see a hornet, a crimson imp and 3 orcs.

Vanquished Creatures
  Prince Ribbit (D:6)
  Grinder (D:5)
  A spriggan (D:7)
  Eustachio (D:5)
  Menkaure (Ossuary)
  An orc warrior (D:4)
  3 sky beasts
  6 ogres
  An ice beast (D:6)
  3 phantoms
  A centaur (D:6)
  2 elf zombies (Ossuary)
  2 bullfrogs (D:6)
  A wyvern skeleton (D:5)
  A scorpion (D:6)
  A troll zombie (Ossuary)
  2 howler monkeys (D:5)
  4 crimson imps
  2 centaur zombies (Ossuary)
  2 centaur skeletons
  2 hounds
  A jelly (D:5)
  3 orc wizards
  2 orc priests
  3 iguanas
  5 worker ants
  2 ogre zombies (Ossuary)
  A hound skeleton (D:5)
  6 mummies (Ossuary)
  A worker ant zombie (D:5)
  A howler monkey zombie (D:7)
  10 adders
  6 gnolls (D:4)
  An ooze (D:5)
  4 adder zombies
  An adder skeleton (D:6)
  3 worms
  A dart slug (D:1)
  3 leopard geckos
  24 orcs
  14 bats
  2 giant cockroaches
  11 hobgoblins
  3 jackals (D:1)
  2 ball pythons
  3 frilled lizards
  9 goblins
  6 goblin zombies (Ossuary)
  3 hobgoblin zombies (Ossuary)
  A jackal skeleton (D:5)
  8 kobolds
  2 kobold zombies (Ossuary)
  An orc zombie (Ossuary)
  A quokka skeleton (D:4)
  5 quokka zombies
  7 rats
  4 rat zombies (Ossuary)
199 creatures vanquished.

Notes
Turn   | Place    | Note
-------+----------+-------------------------------------------
     0 | D:1      | Kobolds4U the Deep Elf Conjurer began the quest for the
                  | Orb.
     0 | D:1      | Reached XP level 1. HP: 10/10 MP: 6/6
   149 | D:1      | Reached XP level 2. HP: 15/15 MP: 2/8
   552 | D:1      | Learned a level 2 spell: Searing Ray
  1032 | D:2      | Reached skill level 3 in Stealth
  1032 | D:2      | Reached XP level 3. HP: 19/19 MP: 6/10
  1038 | D:2      | Reached skill level 5 in Conjurations
  1364 | D:2      | Found a burning altar of Makhleb.
  1365 | D:2      | Found a radiant altar of Vehumet.
  1418 | D:2      | Became a worshipper of Vehumet
  1623 | D:2      | Reached skill level 1 in Short Blades
  1710 | D:2      | Reached skill level 4 in Stealth
  1710 | D:2      | Reached XP level 4. HP: 9/24 MP: 7/12
  2587 | D:3      | Learned a level 3 spell: Dazzling Spray
  2592 | D:3      | Learned a level 4 spell: Force Lance
  2701 | D:3      | Reached skill level 1 in Fighting
  2854 | D:3      | Reached XP level 5. HP: 29/29 MP: 7/13
  2952 | D:3      | Found an ancient bone altar of Kikubaaqudgha.
  3049 | D:3      | Found a snail-covered altar of Cheibriados.
  3119 | D:3      | Reached * piety under Vehumet
  3119 | D:3      | Offered knowledge of Freeze by Vehumet.
  3129 | D:3      | Learned a level 1 spell: Freeze
  3561 | D:4      | Reached skill level 1 in Hexes
  3660 | D:4      | Noticed an ogre
  3669 | D:4      | Killed an ogre
  3669 | D:4      | Reached skill level 5 in Stealth
  3669 | D:4      | Reached XP level 6. HP: 34/34 MP: 4/14
  3892 | D:4      | Noticed an orc warrior
  3894 | D:4      | Killed an orc warrior
  3974 | D:4      | Reached XP level 7. HP: 38/38 MP: 3/15
  3977 | D:4      | Reached skill level 6 in Stealth
  4499 | D:4      | Found a transporter.
  4502 | D:4      | Noticed gothhamster's ghost (amateur VSMo)
  5079 | D:4      | Found a transporter.
  5252 | D:5      | Entered Level 5 of the Dungeon
  5314 | D:5      | Reached skill level 7 in Stealth
  5314 | D:5      | Reached skill level 5 in Spellcasting
  5314 | D:5      | Reached XP level 8. HP: 36/43 MP: 3/17
  5425 | D:5      | Reached ** piety under Vehumet
  5494 | D:5      | Offered knowledge of Sting by Vehumet.
  5657 | D:5      | Noticed Grinder
  5661 | D:5      | Killed Grinder
  5661 | D:5      | Reached skill level 5 in Dodging
  5751 | D:5      | Reached skill level 8 in Stealth
  5991 | D:5      | Noticed Eustachio
  6387 | D:5      | Learned a level 1 spell: Sting
  6392 | D:5      | Learned a level 4 spell: Iskenderun's Mystic Blast
  6449 | D:5      | Reached skill level 9 in Stealth
  6583 | D:5      | Killed Eustachio
  6583 | D:5      | Reached XP level 9. HP: 24/50 MP: 6/18
  6852 | D:6      | Reached skill level 1 in Poison Magic
  6955 | D:6      | Noticed Prince Ribbit
  6965 | D:6      | Reached skill level 1 in Ice Magic
  6998 | D:6      | Killed Prince Ribbit
  7090 | D:6      | Got a bronze ring mail
  7717 | D:6      | Offered knowledge of Static Discharge by Vehumet.
  7722 | D:6      | Learned a level 3 spell: Static Discharge
  8108 | D:7      | Found a hazy altar of Hepliaklqana.
  8113 | D:7      | Found a sand-covered staircase.
  8123 | Ossuary  | Entered an ossuary
  8539 | Ossuary  | Reached *** piety under Vehumet
  8826 | Ossuary  | Offered knowledge of Throw Icicle by Vehumet.
  8874 | Ossuary  | Noticed Menkaure
  8876 | Ossuary  | Killed Menkaure
  9201 | D:7      | Reached skill level 10 in Stealth
  9252 | D:7      | Found Ried Iplaeg's Magic Scroll Shoppe.
  9262 | D:7      | Paralysed by a hornet for 3 turns
  9263 | D:7      | HP: 2/50 [hornet (8)]
  9264 | D:7      | Slain by a hornet

Skill      XL: |  1  2  3  4  5  6  7  8  9 |
---------------+----------------------------+-----
Stealth        | 3 4 5 7 9 10 | 10.0
Conjurations   | 5 6 7 |  7.0
Short Blades   | 1 2 |  2.0
Spellcasting   | 4 5 6 |  6.2
Fighting       | 1 3 |  3.0
Hexes          | 2 3 |  3.0
Dodging        | 3 4 6 9 |  9.3
Translocations | 3 4 |  4.4
Poison Magic   | 1 |  1.0
Ice Magic      | 1 |  1.0

Action                   |  1- 3 |  4- 6 |  7- 9 || total
-------------------------+-------+-------+-------++-------
Melee: Unarmed           |     2 |       |       ||     2
       Dagger            |    27 |    65 |   232 ||   324
 Cast: Magic Dart        |    53 |    28 |    52 ||   133
       Searing Ray       |     3 |     9 |    34 ||    46
       Dazzling Spray    |       |     6 |    27 ||    33
       Force Lance       |       |       |    11 ||    11
       Sting             |       |       |     4 ||     4
       Freeze            |       |       |     1 ||     1
       Iskenderun's Myst |       |       |     2 ||     2
       Static Discharge  |       |       |     1 ||     1
  Use: Potion            |       |       |     1 ||     1
       Scroll            |       |       |    11 ||    11
 Stab: Sleeping          |     7 |     6 |    35 ||    48
  Eat: Chunk             |     2 |     8 |    16 ||    26
       Ration            |       |       |     1 ||     1
Armor: Robe              |    13 |    30 |    41 ||    84
Dodge: Dodged            |    21 |    64 |   255 ||   340
